AoeStats
← El dengue

Arabia

510431342Analyzed
1v1 RM · 2d ago on Oct 1, 2026· 56m 37s· 2 players
Game mode
Random Map
Map size
Tiny (2 player)
Population
200
Speed
Normal
Resources
Standard
Victory
Conquest
Starting age
Dark Age
Ending age
Imperial Age
RankedLock teamsTeams togetherTeam positionsShared explorationLock speedFull tech treeHidden civsTurbo modeCheats
Victory
Defeat
🇦🇷 Franks · Argentina
947
+14
🇦🇷 Malians · Argentina
913
-14
El dengue
7:06 Loom
9:28 Feudal Age
21:23 Castle Age
20:52 Fletching
21:04 Scale Mail Armor
21:23 Pikeman
21:37 Crossbowman
22:28 Double-Bit Axe
23:41 Wheelbarrow
24:45 Forging
31:26 Redemption
40:45 Imperial Age
38:37 Tigui
38:56 Bloodlines
39:04 Stone Mining
39:05 Gold Mining
38:59 Horse Collar
39:33 Bow Saw
39:30 Husbandry
40:30 Bodkin Arrow
41:01 Ballistics
45:10 Chemistry
47:27 Iron Casting
47:58 Capped Ram
48:04 Light Cavalry
lu.sal1207
6:49 Loom
7:29 Loom
10:47 Feudal Age
17:43 Gold Mining
20:09 Castle Age
19:24 Double-Bit Axe
21:46 Forging
21:41 Scale Barding Armor
23:01 Bow Saw
34:04 Wheelbarrow
33:14 Town Watch
38:02 Hand Cart
39:29 Iron Casting
39:14 Chain Barding Armor
39:15 Fletching
42:56 Imperial Age
40:23 Fletching
40:29 Fletching
42:21 Gold Shaft Mining
43:05 Cavalier
45:35 Light Cavalry
46:16 Husbandry
47:58 Chemistry
47:18 Ballistics
48:46 Pikeman
49:54 Town Patrol
50:56 Blast Furnace
50:31 Plate Barding Armor
50:43 Elite Throwing Axeman
53:17 Stone Mining
Connection lost

Rejoining the realm…

Still unreachable

The connection could not be restored.

Session expired

The server has moved on; the page needs a fresh start.